 Dungeon Crawl Stone Soup version 0.27.1 (webtiles) character file.

Game seed: 14685427603386713807

316 funkygono the Firebug (level 6, -1/32 HPs)
             Began as a Gargoyle Fire Elementalist on Aug 25, 2021.
             Slain by a wyvern (10 damage)
             ... on level 4 of the Dungeon.
             The game lasted 00:07:52 (4370 turns).

funkygono the Firebug (Gargoyle Fire Elementalist)  Turns: 4370, Time: 00:07:53

Health: -1/32      AC:  8    Str: 11    XL:     6   Next: 44%
Magic:  6/12       EV: 12    Int: 18    God:
Gold:   131        SH:  0    Dex: 10    Spells: 0/13 levels left

rFire    . . .     SeeInvis .   h - +2 whip
rCold    . . .     Faith    .   (no shield)
rNeg     + . .     Spirit   .   a - +0 robe
rPois    ∞         Reflect  .   j - +1 helmet
rElec    +         Harm     .   (no cloak)
rCorr    .         Rampage  .   (no gloves)
Will     .....                  (no boots)
Stlth    ++........             (no amulet)
HPRegen  0.10/turn              (no ring)
MPRegen  0.13/turn              (no ring)

@: no status effects
A: sickness immunity, AC +4, negative energy resistance 1, electricity
resistance, torment resistance 1, petrification resistance
a: no special abilities


You were on level 4 of the Dungeon.
You visited 1 branch of the dungeon, and saw 4 of its levels.

You collected 131 gold pieces.

Inventory:

Hand Weapons
 h - a +2 whip (weapon)
 l - a +0 whip of venom
Missiles
 b - 241 stones
Armour
 a - a +0 robe (worn)
 e - a +0 leather armour
 j - a +1 helmet (worn)
Scrolls
 k - 3 scrolls of teleportation {unknown}
Potions
 c - 2 potions of cancellation
 d - a potion of curing
 f - a potion of flight {unknown}
 g - a potion of lignification {unknown}
 i - a potion of degeneration {unknown}


   Skills:
 + Level 0.2 Maces & Flails
 + Level 1.6 Dodging
 - Level 2.1 Stealth
 * Level 4.4 Spellcasting
 * Level 3.0 Conjurations
 * Level 4.6 Fire Magic


You couldn't memorise any spells.
You knew the following spells:

 Your Spells              Type           Power      Damage    Failure   Level
a - Foxfire               Conj/Fire      68%        2x1d7     3%          1
b - Conjure Flame         Conj/Fire      17%        6-21      9%          3
c - Sticky Flame          Conj/Fire      17%        2d4       28%         4
d - Fireball              Conj/Fire      8%         3d6       63%         5

Your spell library contained the following spells:

 Spells                   Type           Power      Damage    Failure   Level
 Magic Dart               Conj           56%        1d5       4%          1
 Searing Ray              Conj           28%        3d4       6%          2
 Animate Skeleton         Necr           6%         N/A       14%         1
 Freeze                   Ice            12%        1d4       14%         1
 Pain                     Necr           12%        1d4       14%         1
 Inner Flame              Hex/Fire       12%        N/A       16%         3
 Frozen Ramparts          Ice            6%         1d2       38%         3
 Vampiric Draining        Necr           1%         2d6       38%         3
 Fulminant Prism          Conj/Hex       4%         3d6       58%         4
 Hailstorm                Conj/Ice       9%         3d4       58%         4


Dungeon Overview and Level Annotations

Branches:
Dungeon (4/15)
 Temple: D:4-7

Altars:
Ru


Innate Abilities, Weirdness & Mutations

You are immune to sickness and miasma.
Your stone body is resilient. (AC +4)
You are immune to poison.
You resist negative energy. (rN+)
You are resistant to electric shocks. (rElec)
You are resistant to unholy torment.
You are immune to petrification.


Message History

The kobold shouts!
Casting: Foxfire (safe; 3% risk of failure)
Confirm with . or Enter, or press ? or * to list all spells.
You conjure some foxfire!
The wyvern hisses angrily.
Casting: Foxfire (safe; 3% risk of failure)
Confirm with . or Enter, or press ? or * to list all spells.
You conjure some foxfire!
The foxfire hits the wyvern.
The wyvern is lightly wounded.
The wyvern bites you!
Casting: Foxfire (safe; 3% risk of failure)
Confirm with . or Enter, or press ? or * to list all spells.
You conjure some foxfire!
The foxfire hits the kobold.
You kill the kobold!
The foxfire hits the wyvern.
The wyvern is lightly wounded.
The wyvern bites you.
Casting: Foxfire (safe; 3% risk of failure)
Confirm with . or Enter, or press ? or * to list all spells.
You conjure some foxfire!
The foxfire hits the wyvern.
The wyvern is moderately wounded.
The wyvern barely misses you.
The wyvern bites you but does no damage.
Unknown command.
Casting: Foxfire (safe; 3% risk of failure)
Confirm with . or Enter, or press ? or * to list all spells.
You conjure some foxfire!
The foxfire hits the wyvern but does no damage.
The wyvern is moderately wounded.
The foxfire hits the wyvern.
The wyvern is moderately wounded.
The wyvern bites you!
* * * LOW HITPOINT WARNING * * *
Casting: Foxfire (safe; 3% risk of failure)
Confirm with . or Enter, or press ? or * to list all spells.
You conjure some foxfire!
The foxfire hits the wyvern but does no damage.
The wyvern is moderately wounded.
The wyvern bites you!
You die...

#### ### ...# ##..
#..# ##... #..###
##..## #######..##
##..## ......v#..###
##..##
.....)v@##..#####..##
......l.###..##.)..##
........#
##....#...##
......... ##.####...#
......... #.# ##..##
........## #[# ##..##
........# #)# ##..#
........# ##.# ##..
#..# ##.


You could see a wyvern (ally target).

Vanquished Creatures
  An ogre (D:4)
  An orc wizard (D:4)
  Robin (D:2)
  3 gnolls (D:2)
  5 adders
  A worm (D:2)
  2 dart slugs (D:1)
  13 orcs (D:4)
  5 bats
  9 endoplasms
  A giant cockroach (D:4)
  15 goblins
  12 hobgoblins
  2 quokkas
  12 ball pythons
  A frilled lizard (D:3)
  12 kobolds
96 creatures vanquished.

Vanquished Creatures (collateral kills)
  A foxfire (D:1)
1 creature vanquished.

Vanquished Creatures (others)
  295 foxfires
  A withered plant (D:1)
296 creatures vanquished.

Grand Total: 393 creatures vanquished

Notes
Turn   | Place    | Note
-------+----------+-------------------------------------------
     0 | D:1      | funkygono the Gargoyle Fire Elementalist began the quest
                  | for the Orb.
     0 | D:1      | Reached XP level 1. HP: 10/10 MP: 3/3
   322 | D:1      | Found a faded altar of an unknown god.
   498 | D:1      | Reached XP level 2. HP: 14/15 MP: 0/5
  1040 | D:1      | Reached XP level 3. HP: 19/19 MP: 4/6
  1044 | D:1      | Learned a level 3 spell: Conjure Flame
  1562 | D:2      | Reached XP level 4. HP: 24/24 MP: 3/8
  1947 | D:2      | Learned a level 4 spell: Sticky Flame
  2134 | D:2      | Noticed Robin
  2165 | D:2      | Killed Robin
  2183 | D:2      | Reached XP level 5. HP: 28/28 MP: 0/10
  2851 | D:3      | Found a sacrificial altar of Ru.
  3548 | D:4      | Noticed an ogre
  3563 | D:4      | Killed an ogre
  3564 | D:4      | Reached XP level 6. HP: 31/32 MP: 5/12
  3572 | D:4      | Learned a level 5 spell: Fireball
  4363 | D:4      | Noticed a wyvern
  4370 | D:4      | Slain by a wyvern

Illustrated notes

Levels and vault maps discovered:
D:1:      onia_arrival_mini_maze_b, layout_loops_ring,
          shapermc_ecumenical_altar_gd, amcnicky_mini_pool_small
D:2:      layout_loops_cross, chequers_serial_rivers_micro_c, uniq_robin
D:3:      layout_basic, mainiacjoe_overflow_six_doors_small
D:4:      layout_cave_pods, st_stairs_4, minmay_door_square, kennysheep_donut,
          grunt_ministairs_4, minmay_misc_feat_secret_circle

Skill      XL: |  1  2  3  4  5  6 |
---------------+-------------------+-----
Spellcasting   | 3 4 |  4.4
Fire Magic     | 4 |  4.6
Conjurations   | 2 3 |  3.0
Maces & Flails | |  0.2
Dodging        | |  1.6
Stealth        | |  2.1

Action                   |  1- 3 |  4- 6 || total
-------------------------+-------+-------++-------
Melee: Club              |     6 |       ||     6
       Whip              |     1 |    12 ||    13
 Cast: Foxfire           |    54 |   119 ||   173
  Use: Scroll            |     1 |     7 ||     8
Armor: Robe              |    13 |    14 ||    27
Dodge: Dodged            |    27 |    23 ||    50
